 Dungeon Crawl Stone Soup version 0.22-a0-362-g535178c (webtiles) character file.

287 iamserjio the Insei (level 6, -6/55 HPs)
             Began as a Naga Transmuter on Apr 20, 2018.
             Mangled by an ogre
             ... wielding a +0 giant club
              (14 damage)
             ... on level 4 of the Dungeon.
             The game lasted 00:20:12 (4601 turns).

iamserjio the Insei (Naga Transmuter)               Turns: 4601, Time: 00:20:12

Health: -6/55      AC:  5    Str: 12    XL:     6   Next: 30%
Magic:  9/9        EV:  5    Int: 15    God:
Gold:   176        SH:  6    Dex: 12    Spells: 6/9 levels left

rFire    + . .     SeeInvis +     - Unarmed
rCold    x . .     Gourm    .   n - +0 shield (curse)
rNeg     . . .     Faith    +   v - +0 ring mail
rPois    +         Spirit   .   (no helmet)
rElec    .         Reflect  .   (no cloak)
rCorr    .         Harm     .   i - +0 pair of gloves
MR       .....                  (no barding)
Stlth    ++........             t - amulet of faith (curse)
HPRegen  0.18/turn              e - ring of fire
MPRegen  0.11/turn              (no ring)

@: very slightly contaminated, very slow
A: large, see invisible, deformed body, poison resistance, slowness 2, slow
metabolism 1, spit poison 1, AC +2
a: Spit Poison


You were on level 4 of the Dungeon.
You were not hungry.

You visited 1 branch of the dungeon, and saw 4 of its levels.

You collected 176 gold pieces.

Inventory:

Hand Weapons
 p - a +2 trident of flaming
Missiles
 a - 21 arrows
 c - 49 stones (quivered)
Armour
 b - a +0 robe
 i - a +0 pair of gloves (worn)
 k - a +0 leather armour
 n - a cursed +0 shield (worn)
 v - a +0 ring mail (worn)
Jewellery
 e - a ring of fire (left hand)
 t - a cursed amulet of faith (around neck)
Scrolls
 f - a scroll of remove curse
 l - 2 scrolls of enchant weapon
 s - 2 scrolls of enchant armour
Potions
 g - 2 potions of mutation {unknown}
 h - a potion of haste {unknown}
 j - 3 potions of curing {unknown}
 m - a potion of might {unknown}
 r - a potion of degeneration {unknown}
 u - a potion of heal wounds {unknown}
Comestibles
 d - 5 rations
 o - 2 chunks of flesh


   Skills:
 + Level 2.7 Fighting
 - Level 1.5 Dodging
 + Level 3.7 Stealth
 * Level 4.9 Unarmed Combat
 - Level 2.0 Spellcasting
 * Level 3.3 Transmutations


You had 6 spell levels left.
You knew the following spells:

 Your Spells              Type           Power        Failure   Level  Hunger
a - Beastly Appendage     Tmut           ##....       65%         1    #......
b - Sticks to Snakes      Tmut           ##......     80%         2    ###....


Dungeon Overview and Level Annotations

Branches:
Dungeon (4/15)
 Temple: D:4-7

Altars:
Makhleb
Xom


Innate Abilities, Weirdness & Mutations

You cannot wear boots.
Your serpentine skin is tough. (AC +2)
You have supernaturally acute eyesight. (SInv)
Armour fits poorly on your strangely shaped body.
Your system is resistant to poisons. (rPois)
You cover ground very slowly.
You have a slow metabolism.
You can spit poison.


Message History

You block the ogre's attack.
You hit the ogre but do no damage.
The ogre is moderately wounded.
You have got your breath back.
The ogre hits you with a giant club!!
* * * LOW HITPOINT WARNING * * *
Press: ? - help, Shift-Dir - straight line, f/p - ogre
Aim: an ogre, wielding a giant club (moderately wounded)
The splash of poison hits the ogre.
The ogre is poisoned.
The ogre is severely wounded.
You feel slightly more hungry. The ogre hits you but does no damage.
Your shield and ring mail prevent you from hitting the ogre.
The ogre is almost dead.
You hit the ogre but do no damage.
The ogre is almost dead.
You have got your breath back.
The ogre hits you with a giant club.
* * * LOW HITPOINT WARNING * * *
The ogre hits you with a giant club!
You die...

## ####### ...
##..... ...
#(..# ##.###
###@#.##.....#
#...O.#.......
#.##..#.......
... ##....._...
#######.#.......
........#.......
#######.##.....#
#.......####.###
#.#...#........


You could see an ogre.

Vanquished Creatures
  An orc priest (D:3)
  3 orc wizards (D:4)
  7 adders
  An ooze (D:2)
  2 worms (D:2)
  2 dart slugs
  3 leopard geckos
  7 orcs
  10 bats
  6 giant cockroaches
  7 goblins
  13 hobgoblins
  3 jackals (D:1)
  7 kobolds
  A quokka (D:2)
  A ball python (D:2)
  2 frilled lizards
  9 rats
85 creatures vanquished.

Vanquished Creatures (others)
  An orc wizard (D:4)
  3 orcs (D:4)
  A giant cockroach (D:4)
5 creatures vanquished.

Grand Total: 90 creatures vanquished

Notes
Turn   | Place    | Note
-------+----------+-------------------------------------------
     0 | D:1      | iamserjio the Naga Transmuter began the quest for the Orb.
     0 | D:1      | Reached XP level 1. HP: 18/18 MP: 3/3
     3 | D:1      | Noticed an electric eel
     3 | D:1      | Noticed an electric eel
   271 | D:1      | Reached XP level 2. HP: 17/25 MP: 3/5
   633 | D:1      | Reached skill level 1 in Stealth
   868 | D:1      | Reached XP level 3. HP: 28/31 MP: 6/6
  1523 | D:2      | Reached XP level 4. HP: 37/39 MP: 7/7
  1532 | D:2      | Reached skill level 4 in Unarmed Combat
  1965 | D:2      | Found a burning altar of Makhleb.
  2021 | D:2      | Noticed a cacodemon
  2582 | D:2      | Reached XP level 5. HP: 42/45 MP: 8/8
  2808 | D:3      | Learned a level 2 spell: Sticks to Snakes
  4122 | D:4      | Reached XP level 6. HP: 54/55 MP: 9/9
  4589 | D:4      | Found a shimmering altar of Xom.
  4601 | D:4      | Mangled by an ogre

Vault maps used:
D:1:      arrival_aquarium_b
D:2:      makhleb_altar_promises_db
D:4:      old_standard_altar, lemuel_coloured_pillars_altar,
          hangedman_decor_clover_reticule, lemuel_old_faithful

Skill      XL: |  1  2  3  4  5 |
---------------+----------------+-----
Stealth        | 1 2 3 |  3.7
Fighting       | 2 |  2.7
Unarmed Combat | 4 |  4.9
Transmutations | 3 |  3.3
Dodging        | |  1.5
Spellcasting   | |  2.0

Action                   |  1- 3 |  4- 6 || total
-------------------------+-------+-------++-------
Melee: Unarmed           |   117 |   190 ||   307
       Headbutt          |     1 |       ||     1
       Punch             |       |     1 ||     1
 Cast: Beastly Appendage |     4 |       ||     4
 Abil: Spit Poison       |    13 |    27 ||    40
  Use: Scroll            |     1 |     6 ||     7
 Stab: Distracted        |       |     1 ||     1
  Eat: Chunk             |     2 |     9 ||    11
Armor: Robe              |     1 |       ||     1
       Scale mail        |    65 |    37 ||   102
       Ring mail         |       |    31 ||    31
Dodge: Dodged            |    58 |    43 ||   101
Block: Shield            |       |    27 ||    27

Table legend:
 A = Spawn XP
 B = Non-spawn XP
 C = Spawn XP percentage of total XP
 D = Spawn monster count
 E = Non-spawn monster count
 F = Spawn count percentage of total count
 G = Total turns spent on level
                    A         B        C        D         E        F      G
               +---------+---------+-------+---------+---------+-------+---------
         Total |       0 |     410 |   0.0 |       0 |      85 |   0.0 |  4601
               +---------+---------+-------+---------+---------+-------+---------
           D:1 |       0 |      45 |   0.0 |       0 |      23 |   0.0 |  1240
           D:2 |       0 |     128 |   0.0 |       0 |      33 |   0.0 |  1557
           D:3 |       0 |     108 |   0.0 |       0 |      23 |   0.0 |  1314
           D:4 |       0 |     129 |   0.0 |       0 |       6 |   0.0 |   490
               +---------+---------+-------+---------+---------+-------+---------
